[ AOE2 MATCH · #495912367 ]
UnrankedCumans vs Shu
Player's team · WIN
Rival team · LOSS
[ REPLAY ANALYSIS · EXTRACTED FROM THE RECORDED GAME ]
Feudal
8:25
Castle
23:25
Imperial
—
| APM avg | 62.0 |
| APM peak | 123 |
| eAPM avg | 24.2 |
| Villagers / military | 85 / 36 |
Focus
⚔️ 33.7% · 🌾 66.3%
Knight ×22 · Skirmisher ×8 · Mangonel ×3 · Scout Cavalry ×2 · Battering Ram ×1
Feudal
9:43
Castle
19:10
Imperial
—
| APM avg | 62.0 |
| APM peak | 124 |
| eAPM avg | 24.1 |
| Villagers / military | 69 / 42 |
Focus
⚔️ 33.7% · 🌾 66.3%
Archer ×34 · Mangonel ×4 · Spearman ×2 · Skirmisher ×1 · Battering Ram ×1
Match map
Initial resources + every placement click. Lines = walls · curves = elevation contours. ◆ gold · ⬟ stone · ● berries · ✦ relic · ◌ wall gap
Your base· Open — 4t gap
Fizban's base· ✓ Closed at 19:10 · 49t walls · 1 gate(s)
Smoothed initial terrain · ◌ = detected wall gap · hover for details
Inputs per minute
— aDT_Flempopo - - Fizban
Build order — aDT_Flempopo
First 150 of 226 actions detected
| 0:00 | Create | Villager (Male) |
| 0:00 | Create | Villager (Male) |
| 0:01 | Create | Villager (Male) |
| 0:02 | Build | House |
| 0:03 | Build | House |
| 0:06 | Create | Villager (Male) |
| 1:24 | Create | Villager (Male) |
| 1:56 | Create | Villager (Male) |
| 2:08 | Build | Lumber Camp |
| 2:13 | Create | Villager (Male) |
| 2:42 | Create | Villager (Male) |
| 3:03 | Create | Villager (Male) |
| 3:44 | Create | Villager (Male) |
| 4:00 | Build | House |
| 4:07 | Create | Villager (Male) |
| 4:25 | Create | Villager (Male) |
| 4:26 | Create | Villager (Male) |
| 4:50 | Create | Villager (Male) |
| 4:59 | Build | Mill |
| 5:06 | Research | Loom |
| 6:15 | Research | Feudal Age |
| 7:04 | Create | Villager (Male) |
| 7:21 | Build | Barracks |
| 7:53 | Build | House |
| 8:25 | Age | Feudal Age |
| 8:29 | Build | Stable |
| 8:33 | Research | Double-Bit Axe |
| 8:34 | Create | Villager (Male) |
| 8:46 | Build | Palisade Wall |
| 8:59 | Create | Villager (Male) |
| 9:14 | Build | House |
| 9:14 | Create | Villager (Male) |
| 9:22 | Create | Scout Cavalry |
| 9:27 | Build | Town Center |
| 9:39 | Create | Villager (Male) |
| 9:50 | Build | House |
| 10:07 | Build | House |
| 10:20 | Create | Scout Cavalry |
| 10:33 | Build | Palisade Gate |
| 10:38 | Create | Villager (Male) |
| 10:43 | Build | Palisade Wall |
| 11:06 | Build | Palisade Wall |
| 11:08 | Build | Palisade Wall |
| 11:10 | Create | Villager (Male) |
| 11:28 | Research | Horse Collar |
| 11:37 | Create | Villager (Male) |
| 11:52 | Build | Farm |
| 11:54 | Build | Farm |
| 12:06 | Create | Villager (Male) |
| 12:14 | Build | Farm |
| 12:19 | Create | Villager (Male) |
| 12:38 | Create | Villager (Male) |
| 12:40 | Build | Farm |
| 12:51 | Create | Villager (Male) |
| 12:52 | Build | Farm |
| 12:54 | Create | Villager (Male) |
| 13:04 | Build | Farm |
| 13:11 | Build | Farm |
| 13:19 | Create | Villager (Male) |
| 13:26 | Create | Villager (Male) |
| 13:28 | Build | Farm |
| 13:41 | Build | Archery Range |
| 13:48 | Create | Villager (Male) |
| 13:52 | Build | House |
| 13:55 | Build | Farm |
| 14:04 | Create | Villager (Male) |
| 14:04 | Create | Villager (Male) |
| 14:13 | Create | Villager (Male) |
| 14:16 | Build | Farm |
| 14:21 | Build | Farm |
| 14:34 | Build | House |
| 14:35 | Build | Palisade Wall |
| 14:37 | Create | Skirmisher |
| 14:40 | Create | Villager (Male) |
| 14:50 | Create | Villager (Male) |
| 14:56 | Create | Skirmisher |
| 14:56 | Create | Villager (Male) |
| 15:07 | Create | Villager (Male) |
| 15:15 | Create | Villager (Male) |
| 15:19 | Build | House |
| 15:20 | Build | Palisade Wall |
| 15:23 | Create | Skirmisher |
| 15:28 | Build | House |
| 15:37 | Build | Palisade Wall |
| 15:43 | Create | Villager (Male) |
| 16:01 | Build | Farm |
| 16:02 | Create | Villager (Male) |
| 16:06 | Build | Blacksmith |
| 16:07 | Create | Skirmisher |
| 16:09 | Create | Villager (Male) |
| 16:11 | Build | Farm |
| 16:13 | Build | Farm |
| 16:15 | Build | Farm |
| 16:20 | Create | Villager (Male) |
| 16:21 | Create | Villager (Male) |
| 16:29 | Build | Farm |
| 16:30 | Create | Villager (Male) |
| 16:41 | Create | Skirmisher |
| 16:53 | Build | Farm |
| 16:55 | Build | Farm |
| 16:59 | Create | Villager (Male) |
| 17:07 | Create | Villager (Male) |
| 17:09 | Build | Farm |
| 17:11 | Research | Fletching |
| 17:13 | Build | House |
| 17:14 | Build | Palisade Wall |
| 17:21 | Create | Skirmisher |
| 17:22 | Create | Villager (Male) |
| 17:23 | Create | Villager (Male) |
| 17:27 | Build | Farm |
| 17:42 | Build | House |
| 17:47 | Build | Farm |
| 17:49 | Create | Villager (Male) |
| 17:55 | Create | Villager (Male) |
| 18:00 | Create | Skirmisher |
| 18:05 | Create | Villager (Male) |
| 18:09 | Build | Farm |
| 18:12 | Create | Villager (Male) |
| 18:14 | Build | Farm |
| 18:17 | Build | House |
| 18:20 | Build | Palisade Wall |
| 18:29 | Build | Mill |
| 18:34 | Create | Villager (Male) |
| 18:37 | Create | Villager (Male) |
| 18:47 | Build | House |
| 18:48 | Build | House |
| 18:55 | Create | Skirmisher |
| 18:56 | Create | Villager (Male) |
| 19:03 | Create | Villager (Male) |
| 19:18 | Build | Siege Workshop |
| 19:22 | Create | Villager (Male) |
| 19:27 | Build | House |
| 19:34 | Create | Villager (Male) |
| 19:42 | Build | Market |
| 19:44 | Create | Villager (Male) |
| 19:49 | Build | House |
| 19:50 | Build | House |
| 20:08 | Build | Lumber Camp |
| 20:17 | Create | Villager (Male) |
| 20:42 | Create | Villager (Male) |
| 20:45 | Research | Castle Age |
| 21:07 | Create | Villager (Male) |
| 21:20 | Create | Villager (Male) |
| 21:32 | Build | Stable |
| 21:34 | Research | Bloodlines |
| 21:43 | Build | Farm |
| 21:48 | Build | Farm |
| 21:48 | Build | Farm |
| 21:48 | Build | Farm |
| 21:52 | Research | Scale Barding Armor |
Build order — Fizban
First 150 of 183 actions detected
| 0:00 | Create | Villager (Male) ×4 |
| 0:01 | Build | House |
| 0:02 | Build | House |
| 1:06 | Create | Villager (Male) |
| 1:46 | Build | Lumber Camp |
| 2:02 | Create | Villager (Male) |
| 2:23 | Create | Villager (Male) |
| 2:45 | Build | House |
| 2:55 | Create | Villager (Male) |
| 3:10 | Create | Villager (Male) |
| 3:26 | Create | Villager (Male) |
| 4:00 | Create | Villager (Male) |
| 4:22 | Create | Villager (Male) |
| 4:22 | Create | Villager (Male) |
| 4:39 | Build | Mill |
| 5:28 | Create | Villager (Male) |
| 5:32 | Build | House |
| 5:46 | Create | Villager (Male) |
| 5:47 | Create | Villager (Male) |
| 6:03 | Build | Palisade Wall |
| 6:17 | Create | Villager (Male) |
| 6:44 | Research | Loom |
| 6:54 | Create | Villager (Male) |
| 7:25 | Research | Feudal Age |
| 7:55 | Build | Lumber Camp |
| 8:34 | Build | Barracks |
| 8:54 | Create | Villager (Male) |
| 8:59 | Build | House |
| 9:03 | Build | Palisade Wall |
| 9:04 | Build | Palisade Wall |
| 9:12 | Create | Villager (Male) |
| 9:31 | Create | Villager (Male) |
| 9:41 | Create | Villager (Male) |
| 9:43 | Age | Feudal Age |
| 9:51 | Create | Spearman |
| 9:54 | Build | Archery Range |
| 9:58 | Build | Archery Range |
| 10:02 | Create | Villager (Male) |
| 10:10 | Create | Villager (Male) |
| 10:15 | Build | House |
| 10:24 | Research | Double-Bit Axe |
| 10:25 | Research | Horse Collar |
| 10:27 | Build | Farm |
| 10:41 | Create | Spearman |
| 10:50 | Build | House |
| 10:52 | Build | Palisade Wall |
| 10:53 | Build | Palisade Wall |
| 10:57 | Create | Archer |
| 11:01 | Create | Villager (Male) |
| 11:08 | Build | Palisade Wall |
| 11:20 | Create | Villager (Male) |
| 11:24 | Create | Villager (Male) |
| 11:27 | Build | Mining Camp |
| 11:30 | Build | Mining Camp |
| 11:34 | Create | Villager (Male) |
| 11:52 | Create | Skirmisher |
| 11:55 | Build | House |
| 11:56 | Build | Palisade Wall |
| 11:56 | Build | Palisade Wall |
| 12:01 | Build | Palisade Wall |
| 12:02 | Build | Palisade Wall |
| 12:03 | Create | Villager (Male) |
| 12:17 | Create | Villager (Male) |
| 12:39 | Create | Villager (Male) |
| 12:42 | Build | Farm |
| 12:44 | Build | Farm |
| 13:09 | Create | Villager (Male) |
| 13:10 | Create | Archer |
| 13:26 | Build | Farm |
| 13:28 | Build | Farm |
| 13:29 | Create | Villager (Male) |
| 13:32 | Create | Archer |
| 13:47 | Create | Villager (Male) |
| 13:53 | Build | Farm |
| 13:56 | Build | Farm |
| 14:00 | Create | Archer |
| 14:17 | Build | Palisade Gate |
| 14:20 | Create | Villager (Male) |
| 14:33 | Build | House |
| 14:34 | Build | Palisade Wall |
| 14:48 | Build | Farm |
| 14:50 | Build | Farm |
| 15:14 | Create | Archer |
| 15:32 | Build | Farm |
| 15:34 | Build | Farm |
| 15:37 | Build | Farm |
| 15:43 | Build | House |
| 15:45 | Build | Palisade Wall |
| 15:49 | Build | Palisade Wall |
| 15:59 | Create | Villager (Male) |
| 16:03 | Build | Blacksmith |
| 16:30 | Research | Castle Age |
| 16:50 | Create | Archer |
| 17:03 | Build | Archery Range |
| 17:06 | Research | Fletching |
| 17:39 | Create | Villager (Male) |
| 17:40 | Create | Archer |
| 17:45 | Research | Gold Mining |
| 17:55 | Build | Farm |
| 18:05 | Create | Archer |
| 18:05 | Create | Archer |
| 18:19 | Create | Archer |
| 18:37 | Build | Farm |
| 18:39 | Build | Farm |
| 18:42 | Create | Villager (Male) |
| 19:05 | Create | Villager (Male) |
| 19:10 | Age | Castle Age |
| 19:15 | Research | Crossbowman (upgrade) |
| 19:15 | Research | Bodkin Arrow |
| 19:22 | Build | Siege Workshop |
| 19:35 | Create | Archer |
| 19:35 | Create | Archer |
| 19:36 | Create | Villager (Male) |
| 19:44 | Research | Bow Saw |
| 19:58 | Create | Archer |
| 20:10 | Create | Villager (Male) |
| 20:10 | Create | Villager (Male) |
| 20:30 | Create | Archer |
| 20:31 | Create | Archer |
| 20:33 | Build | House |
| 20:34 | Build | House |
| 20:34 | Build | House |
| 20:51 | Build | Market |
| 21:03 | Create | Mangonel |
| 21:21 | Create | Archer |
| 21:22 | Create | Villager (Male) |
| 21:30 | Build | House |
| 21:42 | Create | Villager (Male) |
| 21:44 | Build | Outpost |
| 21:48 | Build | Outpost |
| 21:49 | Create | Archer |
| 21:52 | Research | Wheelbarrow |
| 21:53 | Create | Villager (Male) |
| 22:06 | Create | Battering Ram |
| 22:21 | Build | Outpost |
| 22:23 | Research | Town Watch |
| 22:25 | Create | Archer |
| 22:33 | Create | Villager (Male) |
| 22:49 | Build | Outpost |
| 22:50 | Create | Archer |
| 22:50 | Create | Archer |
| 22:59 | Create | Mangonel |
| 23:00 | Create | Villager (Male) |
| 23:06 | Create | Villager (Male) |
| 23:17 | Create | Archer |
| 23:17 | Create | Archer |
| 23:41 | Create | Mangonel |
| 23:42 | Create | Villager (Male) |
| 24:05 | Build | University |
| 24:10 | Create | Archer |
Match timeline
| 6:03 | Fizban · wall_segment Palisade Wall x1 |
| 7:21 | aDT_Flempopo · first_building Barracks |
| 8:25 | aDT_Flempopo · age_up feudal |
| 8:29 | aDT_Flempopo · first_building Stable |
| 8:34 | Fizban · first_building Barracks |
| 8:46 | aDT_Flempopo · wall_segment Palisade Wall x8 |
| 9:03 | Fizban · wall_segment Palisade Wall x1 |
| 9:04 | Fizban · wall_segment Palisade Wall x1 |
| 9:43 | Fizban · age_up feudal |
| 9:54 | Fizban · first_building Archery Range |
| 10:43 | aDT_Flempopo · wall_segment Palisade Wall x8 |
| 10:52 | Fizban · wall_segment Palisade Wall x5 |
| 10:53 | Fizban · wall_segment Palisade Wall x4 |
| 11:06 | aDT_Flempopo · wall_segment Palisade Wall x4 |
| 11:08 | Fizban · wall_segment Palisade Wall x11 |
| 11:08 | aDT_Flempopo · wall_segment Palisade Wall x3 |
| 11:56 | Fizban · wall_segment Palisade Wall x1 |
| 11:56 | Fizban · wall_segment Palisade Wall x1 |
| 12:01 | Fizban · wall_segment Palisade Wall x5 |
| 12:02 | Fizban · wall_segment Palisade Wall x3 |
| 13:41 | aDT_Flempopo · first_building Archery Range |
| 14:34 | Fizban · wall_segment Palisade Wall x1 |
| 14:35 | aDT_Flempopo · wall_segment Palisade Wall x3 |
| 15:20 | aDT_Flempopo · wall_segment Palisade Wall x14 |
| 15:37 | aDT_Flempopo · wall_segment Palisade Wall x1 |
| 15:45 | Fizban · wall_segment Palisade Wall x16 |
| 15:49 | Fizban · wall_segment Palisade Wall x1 |
| 17:14 | aDT_Flempopo · wall_segment Palisade Wall x11 |
| 18:20 | aDT_Flempopo · wall_segment Palisade Wall x11 |
| 19:10 | Fizban · age_up castle |
| 19:18 | aDT_Flempopo · first_building Siege Workshop |
| 19:22 | Fizban · first_building Siege Workshop |
| 22:57 | Fizban · first_market_sell 100 food |
| 23:09 | aDT_Flempopo · first_market_buy 100 wood |
| 23:25 | aDT_Flempopo · age_up castle |
| 26:47 | Fizban · first_market_buy 100 wood |
| 27:49 | Fizban · first_building Monastery |
| 28:14 | Fizban · resign |
[ AI ANALYSIS · 1 CREDIT ]
What really happened in this match?
Wolo.gg analyzes every decision: build order, eco, micro, common mistakes by bracket. Personalized analysis on WhatsApp or Discord in 30 seconds.
Civ guide
Cumans
Perfil
Jugador #896261